 Dungeon Crawl Stone Soup version 0.18-a0-1060-g4fac74f (webtiles) character file.

87 nono the Covered (level 4, -6/30 HPs)
             Began as a Gargoyle Fighter on Jan 12, 2016.
             Killed from afar by Natasha (11 damage)
             ... with a magic dart
             ... on level 2 of the Dungeon.
             The game lasted 00:04:33 (1425 turns).

nono the Covered (Gargoyle Fighter)                 Turns: 1425, Time: 00:04:33

Health: -6/30      AC:  0    Str: 21    XL:     4   Next: 51%
Magic:  4/4        EV: 17    Int:  8    God:
Gold:   142        SH:  0    Dex:  9    Spells: 0 memorised, 3 levels left

rFire  . . .     SeeInvis .     (weapon currently unavailable)
rCold  . . .     Gourm    .     (armour currently unavailable)
rNeg   + . .     Faith    .     (shield currently unavailable)
rPois  ∞         Spirit   .     (helmet currently unavailable)
rElec  .         Dismiss  .     (cloak currently unavailable)
rCorr  .         Reflect  .     (gloves currently unavailable)
SustAt .         Harm     .     (boots currently unavailable)
MR     .....                    (amulet currently unavailable)
Stlth  +.........               (ring currently unavailable)
                                (ring currently unavailable)

@: porcupine-form (expiring), quick, not resistant to hostile enchantments, very
unstealthy
A: negative energy resistance 1, (electricity resistance), (unbreathing),
petrification resistance, rot immunity, AC +3
a: no special abilities


You were on level 2 of the Dungeon.
You were not hungry.
You were a spiny porcupine.
You visited 1 branch of the dungeon, and saw 2 of its levels.

You collected 142 gold pieces.

Inventory:

Hand Weapons
 a - a +0 war axe (melded)
Armour
 b - a +0 scale mail (melded)
 c - a +0 shield (melded)
Jewellery
 j - a +5 ring of strength (melded)
Scrolls
 e - a scroll of identify {unknown}
 g - 2 scrolls of enchant weapon {unknown}
 k - a scroll of blinking {unknown}
Potions
 d - a potion of might
 h - a potion of flight {unknown}
 m - a potion of heal wounds {unknown}
Comestibles
 f - 2 bread rations
 i - a meat ration


   Skills:
 + Level 4.3 Fighting
 + Level 2.3 Axes
 + Level 4.3 Armour
 - Level 3.4 Shields


You had 3 spell levels left.
You didn't know any spells.

Dungeon Overview and Level Annotations

Branches:
Dungeon (2/15)

Altars:

Annotations:
D:2 Natasha


Innate Abilities, Weirdness & Mutations

You are resistant to torment.
((Your stone body is resilient (AC +3).))
You are immune to poison.
You resist negative energy.
((You are resistant to electric shocks.))
((You can survive without breathing.))
You are immune to petrification.
You are immune to rotting.


Message History

You barely miss Natasha.
Natasha is severely wounded.
Natasha casts a spell.
The iron imp hits you!
* * * LOW HITPOINT WARNING * * *
Natasha zaps a wand.
The white imp picks up a beetle and eats it.
The white imp gestures at you. The puff of frost misses you.
The white imp puffs mist at you.
Natasha zaps a wand.
You resist with some effort.
There is an open door here.
You see here a bat skeleton.
A hobgoblin comes into view. It is wielding a club.
Your transformation is almost over.
The hobgoblin shouts!
You closely miss the hobgoblin. Natasha casts a spell at you.
The magic dart hits you!
You die...

#.#.##############
#.#.#######
#.#'#.....#
#.........#
#.........#
#.........#
#.###.....#
#g###.....#
#r##......###
#.##........#
#.##........#
#.##........######
#.##.............#
#.###...########.#
#.# #5..# #.# #h#
#5..# #.# #÷#
#..h# #.#


You could see Natasha and a hobgoblin.

Vanquished Creatures
  Natasha (D:2)
  2 adders (D:2)
  2 worms (D:2)
  2 giant geckos (D:1)
  5 bats
  4 hobgoblins
  3 jackals (D:1)
  6 kobolds
  A ball python (D:1)
  2 giant newts (D:1)
  6 goblins
  2 rats
36 creatures vanquished.

Notes
Turn   | Place    | Note
--------------------------------------------------------------
     0 | D:1      | nono the Gargoyle Fighter began the quest for the Orb.
     0 | D:1      | Reached XP level 1. HP: 14/14 MP: 1/1
    87 | D:1      | Reached XP level 2. HP: 17/19 MP: 2/2
   554 | D:1      | Reached XP level 3. HP: 20/24 MP: 3/3
   760 | D:2      | Reached skill level 4 in Fighting
  1104 | D:2      | Noticed Natasha
  1358 | D:2      | Reached XP level 4. HP: 29/29 MP: 4/4
  1361 | D:2      | Killed Natasha
  1401 | D:2      | Noticed Natasha
  1425 | D:2      | Killed from afar by Natasha

Vault maps used:
D:1:      dpeg_arrival_renting
D:2:      uniq_natasha

Action                   |  1- 3 |  4- 6 || total
-------------------------+-------+-------++-------
Melee: War axe           |   104 |     1 ||   105
       Unarmed           |    11 |     4 ||    15
  Eat: Chunk             |     1 |     1 ||     2
